 Dungeon Crawl Stone Soup version 0.28-b1-25-g9875b3f (webtiles) character file.

Game seed: 12006149473466084992

2147 Host24 the Quickloader (level 9, -4/60 HPs)
             Began as a Kobold Hunter on Feb 2, 2022.
             Slain by a meliai zombie (7 damage)
             ... on level 7 of the Dungeon.
             The game lasted 00:23:55 (11375 turns).

Host24 the Quickloader (Kobold Hunter)             Turns: 11375, Time: 00:23:56

Health: -4/60      AC:  3    Str: 12    XL:     9   Next: 56%
Magic:  9/9        EV: 20    Int: 12    God:
Gold:   267        SH:  0    Dex: 17    Spells: 8/8 levels left

rFire   . . .      SeeInvis .   b - +0 short sword
rCold   . . .      Faith    .   (no shield)
rNeg    . . .      Spirit   .   c - +0 leather armour
rPois   .          Reflect  .   (no helmet)
rElec   .          Harm     .   l - scarf {shadows}
rCorr   .          Rampage  .   (no gloves)
Will    .....                   (no boots)
Stlth   +++.......              (no amulet)
HPRegen 0.20/turn               u - +4 ring of evasion
MPRegen 0.11/turn               (no ring)

@: no status effects
A: small, no large weapons, nightstalker 3
a: no special abilities


You were on level 7 of the Dungeon.
You visited 1 branch of the dungeon, and saw 7 of its levels.

You collected 267 gold pieces.

Inventory:

Hand Weapons
 a - a +1 vorpal hand crossbow
 b - a +0 short sword (weapon)
Missiles
 e - 110 stones (quivered)
 h - 38 sling bullets
 j - 3 boomerangs
 k - 3 javelins
 m - 116 arrows
 t - 3 large rocks
Armour
 c - a +0 leather armour (worn)
 l - a scarf of shadows (worn)
 r - a +0 cloak
Jewellery
 g - a ring of magical power
 o - a ring of wizardry
 u - a +4 ring of evasion (left hand)
 y - a ring of fire
Scrolls
 f - a scroll of identify
 x - a scroll of teleportation
 C - 2 scrolls of noise
Potions
 w - a potion of resistance


   Skills:
 - Level 9.0 Fighting
 + Level 10.9 Crossbows
 - Level 5.0 Dodging
 - Level 1.3 Stealth


You had 8 spell levels left.
You didn't know any spells.
Your spell library contained the following spells:

 Spells                   Type           Power      Damage    Failure   Level
 Pain                     Necr           0%         1d4       38%         1
 Summon Small Mammal      Summ           0%         N/A       38%         1
 Ensorcelled Hibernation  Hex/Ice        0%         N/A       54%         2
 Passwall                 Tmut/Erth      0%         N/A       54%         2
 Call Canine Familiar     Summ           0%         N/A       77%         3
 Dazzling Flash           Conj/Hex       0%         N/A       77%         3
 Summon Guardian Golem    Hex/Summ       0%         N/A       77%         3
 Swiftness                Air            0%         N/A       77%         3
 Iskenderun's Mystic Bla  Conj/Tloc      0%         2d3       99%         4
 Agony                    Necr           0%         N/A       100%        5
 Excruciating Wounds      Necr           0%         N/A       100%        5
 Starburst                Conj/Fire      0%         6d3       100%        6


Dungeon Overview and Level Annotations

Branches:
Dungeon (7/15)
 Temple: D:4-7

Altars:
Hepliaklqana
Kikubaaqudgha
Nemelex Xobeh
Ru
Sif Muna
The Shining One

Shops:
D:4 *!:*=   D:6 !

Annotations:
D:5 Edmund


Innate Abilities, Weirdness & Mutations

You are small and have problems with some larger weapons.
You are completely attuned to the shadows.


Message History

The meliai zombie barely misses you.
The meliai zombie hits you but does no damage.
The meliai zombie misses you.
You closely miss the meliai zombie.
The meliai zombie is lightly damaged.
The meliai zombie hits you.
* * * LOW HITPOINT WARNING * * *
The meliai zombie closely misses you. x2; The meliai zombie misses you.
You hit the meliai zombie.
The meliai zombie is lightly damaged.
The meliai zombie hits you.
* * * LOW HITPOINT WARNING * * *
The meliai zombie closely misses you. The meliai zombie misses you.
The meliai zombie hits you.
* * * LOW HITPOINT WARNING * * *
Okay, then.
Okay, then.
You barely miss the meliai zombie.
The meliai zombie is lightly damaged.
The meliai zombie misses you. The meliai zombie hits you.
* * * LOW HITPOINT WARNING * * *
The meliai zombie misses you. The meliai zombie closely misses you.
You closely miss the meliai zombie.
The meliai zombie is lightly damaged.
The meliai zombie hits you.
* * * LOW HITPOINT WARNING * * *
The meliai zombie misses you.
The meliai zombie completely misses you. x2
Unknown command.
You hit the meliai zombie.
The meliai zombie is lightly damaged.
The meliai zombie hits you.
* * * LOW HITPOINT WARNING * * *
The meliai zombie closely misses you. The meliai zombie misses you.
The meliai zombie closely misses you.
Unknown command.
You closely miss the meliai zombie.
The meliai zombie is lightly damaged.
The meliai zombie hits you!
You die...

#.##..#...#
#..#...#...#
.....##....#
#....##....#
...<.......#
........####
........#.
...........
...@....
...(Z...
.......
.......


You could see a meliai zombie.

Vanquished Creatures
  3 water moccasins
  3 ice beasts
  4 ogres
  2 centaurs
  A scorpion (D:7)
  2 howler monkeys (D:5)
  3 hounds
  A bullfrog zombie (D:6)
  2 bullfrog skeletons (D:6)
  2 centaur skeletons
  An orc priest (D:3)
  4 jellies (D:5)
  An iguana (D:5)
  Natasha (twice) (D:4)
  3 orc wizards
  8 gnolls
  9 adders
  3 shadow imps
  2 white imps (D:6)
  An adder skeleton (D:4)
  3 worms
  7 dart slugs
  15 orcs
  6 ball pythons
  15 bats
  4 endoplasms
  6 giant cockroaches
  8 goblins
  10 hobgoblins
  7 jackals
  5 quokkas
  8 frilled lizards
  4 goblin zombies (D:6)
  3 hobgoblin zombies (D:6)
  7 kobolds
  A kobold skeleton (D:6)
  An orc zombie (D:6)
  5 rats
  3 rat zombies (D:3)
175 creatures vanquished.

Vanquished Creatures (others)
  An orc wizard (D:6)
1 creature vanquished.

Grand Total: 176 creatures vanquished

Notes
Turn   | Place    | Note
-------+----------+-------------------------------------------
     0 | D:1      | Host24 the Kobold Hunter began the quest for the Orb.
     0 | D:1      | Reached XP level 1. HP: 12/12 MP: 1/1
   145 | D:1      | Reached skill level 5 in Crossbows
   232 | D:1      | Reached XP level 2. HP: 8/18 MP: 2/2
   671 | D:1      | Found a faded altar of an unknown god.
   722 | D:1      | Reached XP level 3. HP: 18/23 MP: 3/3
  1501 | D:2      | Reached XP level 4. HP: 23/28 MP: 4/4
  1811 | D:2      | Reached skill level 6 in Crossbows
  2093 | D:2      | Reached XP level 5. HP: 31/32 MP: 5/5
  3157 | D:3      | Reached skill level 7 in Crossbows
  3442 | D:3      | Reached XP level 6. HP: 25/37 MP: 6/6
  3740 | D:3      | Reached skill level 8 in Crossbows
  3860 | D:3      | Found a shimmering blue altar of Sif Muna.
  4916 | D:3      | Found an ancient bone altar of Kikubaaqudgha.
  5552 | D:3      | Found a sparkling altar of Nemelex Xobeh.
  5687 | D:4      | Found Lupsics's Book Boutique.
  5740 | D:4      | Noticed Natasha
  5746 | D:4      | Killed Natasha
  5747 | D:4      | Reached XP level 7. HP: 41/41 MP: 7/7
  5768 | D:4      | Found Fabisu's Jewellery Emporium.
  5946 | D:4      | Reached skill level 9 in Crossbows
  6298 | D:4      | Found a hazy altar of Hepliaklqana.
  6380 | D:4      | Found Jodor's General Store.
  6447 | D:4      | Found Nuc Biv's Distillery.
  6454 | D:4      | Noticed Natasha
  6466 | D:4      | Killed Natasha
  6777 | D:4      | Found Acwinuik's General Store.
  6975 | D:5      | Entered Level 5 of the Dungeon
  7073 | D:5      | Reached skill level 10 in Crossbows
  7442 | D:5      | Reached XP level 8. HP: 48/48 MP: 8/8
  7970 | D:5      | Reached skill level 5 in Fighting
  8521 | D:6      | Found a sacrificial altar of Ru.
  8901 | D:6      | Found a glowing golden altar of the Shining One.
  9226 | D:6      | Reached skill level 5 in Dodging
  9423 | D:6      | Reached XP level 9. HP: 38/57 MP: 9/9
  9769 | D:6      | Found Dobusu's Distillery.
 10421 | D:5      | Noticed Edmund
 11374 | D:7      | HP: 3/60 [meliai zombie (5)]
 11375 | D:7      | Slain by a meliai zombie

Illustrated notes

Levels and vault maps discovered:
D:1:      lemuel_arrival_river_ford, layout_rooms, basic_ecumenical_altar
D:2:      layout_basic, minmay_guardbox
D:3:      layout_loops_cross, nemelex_dance_club_becter,
          kennysheep_orc_sif_temple, lemuel_zombie_altar_kikubaaqudgha,
          minmay_checkerbox
D:4:      layout_loops_cross, overflow_temple_1_default, serial_shops,
          nicolae_shop_crystal, shop_statue, shop, nicolae_take_the_stairs,
          nicolae_shop_hallway_plus, uniq_natasha, uniq_pikel, uniq_eustachio
D:5:      layout_loops_corners, kennysheep_small_square, uniq_edmund
D:6:      minmay_chambers_of_threes, layout_loops_ring,
          mainiacjoe_overflow_alcove_4, nicolae_tso_besieged_by_evil,
          serial_shops, nicolae_shop_advertising_works
          [nicolae_subvault_shop_adworks], moated_statue
D:7:      minmay_klotski, layout_cave_pools, dk_yredelemnul_ordeal,
          minmay_temple_entry_grid, minmay_diced_spiral

Skill      XL: |  1  2  3  4  5  6  7  8  9 |
---------------+----------------------------+-----
Crossbows      | 5 6 7 8 10 | 10.9
Fighting       | 3 4 7 9 |  9.0
Dodging        | 3 5 |  5.0
Stealth        | |  1.3

Action                   |  1- 3 |  4- 6 |  7- 9 || total
-------------------------+-------+-------+-------++-------
Melee: Short sword       |   110 |   269 |   357 ||   736
       Punch             |       |     4 |     8 ||    12
 Fire: Hand crossbow     |     8 |    66 |    93 ||   167
Throw: Stone             |       |     1 |       ||     1
  Use: Potion            |       |       |    12 ||    12
       Scroll            |       |       |     6 ||     6
 Stab: Sleeping          |     9 |    12 |    10 ||    31
       Invisible         |       |       |     1 ||     1
Armor: Leather armour    |    43 |    60 |    69 ||   172
Dodge: Dodged            |   116 |   244 |   558 ||   918
